Map: Frozen Temple

Players

capac - Winner!

  • Race: Terran Terran
  • League: Gold

A.I. 1 (Elite)

  • Race: Zerg Zerg

VOD

Have the link to the VOD?

Description

Time

  • Played on: April 10, 2016, 9:13 a.m.
  • Length: 8:46
Show
View Real Time Build Order
Export as new Build Order

capac Terran - Winner!

Build Orders: Reaper Expand, MMM Bio 

Get SALT Encoding   

  12  0:00  SCV  
  13  0:13  SCV  
  14  0:18  Supply Depot  
  14  0:25  SCV  
  15  0:40  Barracks, SCV  
  16  0:46  Refinery  
  16  0:54  SCV  
  17  1:06  SCV  
  19  1:28  Orbital Command  
  19  1:30  Reaper  
  19  1:40  Command Center  
  19  2:04  Barracks Reactor  
  19  2:15  Supply Depot  
  19  2:16  SCV  
  20  2:27  Refinery  
  20  2:28  SCV  
  21  2:32  Factory  
  21  2:40  SCV  
  22  2:46  Marine  
  22  2:47  Marine  
  24  2:52  SCV  
  24  2:55  Orbital Command  
  25  3:09  Marine x2  
  25  3:10  SCV  
  25  3:11  Barracks  
  28  3:13  Barracks  
  28  3:17  Factory Tech Lab  
  28  3:21  Starport  
  28  3:24  SCV  
  28  3:25  SCV  
  30  3:31  Marine  
  31  3:38  SCV x2  
  31  3:41  Siege Tank  
  36  3:50  SCV x2  
  36  3:51  Marine x2  
  40  4:02  SCV x2, Medivac  
  44  4:08  Barracks Tech Lab, Barracks Reactor  
  44  4:10  Marine x2  
  44  4:13  Supply Depot  
  46  4:29  Stimpack  
  46  4:33  Starport Reactor  
  46  4:34  Marine x3  
  46  4:35  SCV x2  
  51  4:40  Refinery  
  51  4:42  Refinery  
  51  4:46  Marine x2  
  51  4:47  Supply Depot, SCV  
  54  5:09  Marine x5, SCV x2  
  54  5:10  Supply Depot  
  61  5:21  SCV  
  61  5:27  Supply Depot  
  62  5:31  Siege Tank, SCV, Medivac x2  
  62  5:32  Supply Depot  
  70  5:48  Marine x3  
  70  5:49  Marine x2, SCV x2  
  77  5:52  Supply Depot  
  77  5:55  Supply Depot  
  77  6:02  SCV x2  
  79  6:06  Marine x5  
  79  6:10  Liberator  
  84  6:17  SCV x2  
  86  6:24  Supply Depot, Marine x4  
  90  6:27  Command Center  
  90  6:28  Supply Depot  
  93  6:40  Combat Shields  
  93  6:42  Marine x4  
  93  6:43  SCV  
  93  6:44  SCV  
  91  7:06  Liberator x2  
  90  7:11  Marine x3  
  93  7:21  Supply Depot  
  93  7:23  Supply Depot  
  93  7:24  Marine x2, Siege Tank  
  93  7:28  Marine  
  102  7:50  SCV x2  
  104  7:53  Marine x2  
  104  7:54  Marine x3  
  108  8:05  Medivac  
  108  8:06  Medivac  
Show
View Real Time Build Order
Export as new Build Order

A.I. 1 (Elite) Zerg 

Build Orders: Pool First 

Get SALT Encoding   

  12  0:00  Drone  
  13  0:12  Overlord  
  13  0:17  Drone  
  14  0:30  Drone x2  
  16  0:43  Spawning Pool  
  16  0:45  Drone  
  16  0:49  Drone  
  17  1:15  Hatchery, Drone  
  17  1:18  Extractor  
  16  1:19  Drone  
  16  1:22  Drone  
  18  1:28  Drone  
  19  1:38  Overlord  
  19  1:48  Queen  
  19  1:49  Drone  
  22  2:00  Zergling x2  
  23  2:06  Extractor  
  22  2:10  Drone  
  22  2:21  Drone  
  23  2:23  Queen  
  23  2:27  Drone  
  26  2:32  Drone  
  27  2:37  Drone  
  27  2:43  Zergling x2  
  28  2:48  Drone  
  28  2:50  Roach Warren  
  28  2:54  Drone  
  28  2:56  Drone  
  30  2:58  Zergling x2  
  30  3:03  Zergling x2  
  32  3:10  Overlord  
  32  3:14  Drone  
  32  3:17  Drone  
  34  3:31  Roach x2  
  34  3:33  Roach  
  40  3:35  Roach  
  42  3:42  Lair  
  42  3:47  Overlord  
  42  3:52  Overlord  
  42  3:56  Zergling x2  
  42  3:59  Zergling x2  
  44  4:05  Zergling x2  
  44  4:06  Drone x2  
  44  4:09  Drone  
  48  4:11  Drone  
  48  4:14  Drone  
  50  4:17  Roach  
  50  4:21  Roach  
  54  4:26  Overlord  
  54  4:33  Drone  
  54  4:35  Drone  
  54  4:38  Drone  
  57  4:40  Drone  
  57  4:43  Infestation Pit, Drone  
  58  4:46  Overlord  
  58  4:49  Overlord  
  58  4:53  Roach  
  58  4:56  Roach  
  62  5:05  Hydralisk Den  
  61  5:09  Drone  
  61  5:10  Drone  
  61  5:12  Drone  
  63  5:15  Drone  
  63  5:16  Drone  
  63  5:18  Drone  
  63  5:20  Drone  
  63  5:21  Infestor  
  69  5:22  Drone  
  69  5:23  Drone  
  69  5:26  Drone  
  69  5:27  Drone  
  73  5:31  Overlord  
  73  5:34  Drone  
  74  5:36  Hydralisk  
  74  5:37  Hydralisk, Drone  
  74  5:41  Hydralisk  
  81  5:45  Hydralisk  
  81  5:48  Hydralisk  
  81  5:49  Overlord  
  85  5:52  Hydralisk  
  87  6:03  Evolution Chamber  
  86  6:07  Evolution Chamber, Drone  
  86  6:12  Hatchery, Extractor  
  86  6:16  Drone  
  86  6:17  Ravager  
  86  6:21  Roach  
  88  6:27  Extractor  
  88  6:30  Zerg Missile Weapons Level 1  
  87  6:32  Zerg Ground Armor Level 1  
  87  6:34  Overlord, Drone x2  
  87  6:35  Drone  
  87  6:36  Baneling Nest  
  87  6:37  Zergling x2, Drone  
  87  6:39  Zergling x4  
  91  6:46  Evolution Chamber  
  90  6:47  Drone  
  90  6:48  Metabolic Boost  
  90  6:49  Drone x3  
  90  6:51  Zergling x2  
  94  6:55  Zergling x2, Roach  
  94  6:57  Zergling x2  
  94  6:59  Roach  
  64  7:08  Roach  
  64  7:09  Roach  
  64  7:12  Zergling x2, Hydralisk  
  64  7:13  Roach  
  70  7:15  Hydralisk  
  70  7:17  Overseer  
  70  7:19  Hydralisk  
  70  7:21  Baneling  
  69  7:23  Hydralisk  
  69  7:24  Drone x2  
  69  7:28  Drone  
  65  7:33  Zergling x2  
  46  7:41  Zergling x2  
  37  7:49  Roach  
Tags
 
Add a new tag
Caveats
  • Supply blocks, unpowered buildings, or Contaminate may cause inaccurate times.
  • Supply counts are checked every 10 seconds.